 Dungeon Crawl Stone Soup version 0.32-a0-913-g739538afd8 (webtiles) character file.

Game seed: 8840391387407769754

50 smashvw the Trooper (level 3, 0/25 (34) HPs)
             Began as a Minotaur Fighter on Apr 9, 2024.
             Slain by Robin
             ... wielding a +0 spear
              (3 damage)
             ... on level 2 of the Dungeon.
             The game lasted 00:04:53 (1079 turns).

smashvw the Trooper (Minotaur Fighter)              Turns: 1079, Time: 00:04:54

HP:   0/25 (34)     AC: 11    Str: 22    XL:     3   Next: 55%
MP:   2/2           EV:  5    Int:  5    God:
Gold: 55            SH:  4    Dex:  9    Spells: 2/2 levels left

rFire   . . .        a - +0 trident
rCold   . . .        c - +0 buckler
rNeg    . . .        f - +0 plate armour
rPois   .            (helmet restricted)
rElec   .            (no cloak)
rCorr   .            (no gloves)
SInv    .            (no boots)
Will    .....        (no amulet) Stlth
                     (no ring)
HPRegen 0.24/turn    (no ring)
MPRegen 0.08/turn

%: no passive effects
@: very heavily drained
A: horns 2, retaliatory headbutt
a: no special abilities


You were on level 2 of the Dungeon.
You visited 1 branch of the dungeon, and saw 2 of its levels.

You collected 55 gold pieces.

Inventory:

Hand Weapons
 a - a +0 trident (weapon)
Armour
 c - a +0 buckler (worn)
 f - a +0 plate armour (worn)
Scrolls
 b - a scroll of identify {unknown}
 e - a scroll of poison {unknown}
Potions
 d - a potion of might
 g - a potion of degeneration {unknown}
 h - a potion of attraction {unknown}


   Skills:
 + Level 4.4 Fighting
 + Level 3.3 Polearms
 - Level 3.6 Armour
 + Level 4.3 Shields


You had 2 spell levels left.
You didn't know any spells.
Your spell library was empty.

Dungeon Overview and Level Annotations

Branches:
Dungeon (2/15)

Altars:

Annotations:
D:2 Robin


Innate Abilities, Weirdness & Mutations

You have a pair of horns on your head.
You reflexively headbutt those who attack you in melee.


Message History

The goblin barely misses you.
The goblin hits you with a +1 dagger of draining.
You feel drained. The goblin hits you with a +0 club.
You barely miss the goblin.
The goblin is moderately wounded.
The hobgoblin no longer looks unusually strong.
The goblin barely misses you. The goblin hits you with a +0 club.
You puncture the goblin!
You kill the goblin!
You closely miss the goblin. The goblin hits you but does no damage.
You feel drained.
The hobgoblin hits you but does no damage.
Robin roars a battlecry!
The goblins go into a battle-frenzy!
The goblin hits you but does no damage.
You feel drained.
You closely miss the goblin. You headbutt the goblin.
The goblin is moderately wounded.
The hobgoblin hits you but does no damage.
Robin hits you from afar with a +0 spear.
The goblin hits you with a +1 dagger of draining.
* * * LOW HITPOINT WARNING * * *
You feel drained.
* * * LOW HITPOINT WARNING * * *
You hit the goblin.
You kill the goblin!
The hobgoblin hits you.
* * * LOW HITPOINT WARNING * * *
Robin hits you from afar with a +0 spear.
* * * LOW HITPOINT WARNING * * *
You hit the hobgoblin but do no damage. Your headbutt misses the hobgoblin.
You block the hobgoblin's attack. Robin hits you but does no damage.
You hit the hobgoblin but do no damage.
The hobgoblin hits you but does no damage.
Robin hits you but does no damage.
You barely miss the hobgoblin. You headbutt the hobgoblin.
You kill the hobgoblin!
You block Robin's attack.
Robin hits you from afar with a +0 spear.
You die...
Robin lets out a smug laugh.

................
............... .
#..............#
#.....g#.......
#......#.. ##)##..... .
#)##.##.> ##..#####.)g.#
. .......@##..[# ..
.......))g...# ##..
........####.### ##....
........# #...###....#
........######).....###.
#########...............
...#######..##...
#####.......
##.....###...


You could see Robin.

Vanquished Creatures
  A gnoll (D:1)
  2 endoplasms
  4 giant cockroaches (D:1)
  10 goblins (D:2)
  5 hobgoblins
  A kobold (D:1)
  3 quokkas (D:1)
  4 ball pythons
  A bat (D:1)
  4 frilled lizards (D:1)
  A rat (D:1)
36 creatures vanquished.

Notes
Turn   | Place    | Note
-------+----------+-------------------------------------------
     0 | D:1      | smashvw the Minotaur Fighter began the quest for the Orb.
     0 | D:1      | Reached XP level 1. HP: 19/19 MP: 0/0
   183 | D:1      | Reached XP level 2. HP: 27/27 MP: 1/1
   837 | D:1      | Reached XP level 3. HP: 33/33 MP: 2/2
   980 | D:2      | Found a faded altar of an unknown god.
  1049 | D:2      | Noticed Robin
  1079 | D:2      | Slain by Robin

Illustrated notes

Levels and vault maps discovered:
D:1:      amcnicky_arrival_feature_with_door, layout_basic, st_stairs_3,
          minmay_strange_pillars, dk_noncrumbling_4, chequers_mini_garden
D:2:      layout_rooms, ebering_ecumenical_altar_box, serial_shops, shop,
          nicolae_shop_industrial_runoff, nicolae_shop_hallway_plus, shop,
          grunt_ministairs_7, uniq_robin

Skill      XL: |  1  2 |
---------------+-------+-----
Fighting       | 4 |  4.4
Shields        | 4 |  4.3
Polearms       | 3 |  3.3
Armour         | |  3.6

Action                     || total
---------------------------++-------
  Melee: Trident           ||    87
         Headbutt          ||    10
 Armour: Scale mail        ||    16
         Plate armour      ||    68
  Dodge: Dodged            ||    33
  Block: Buckler           ||    22

Table legend: (Time is in decaauts)
 A = Elapsed time spent in this place.
 B = Non-inter-level travel time spent in this place.
 C = Inter-level travel time spent in this place.
 D = Time resting spent in this place.
 E = Time spent auto-exploring this place.
 F = Levels seen in this place.
 G = Mean time per level.
                   A        B        C        D        E       F      G
               +--------+--------+--------+--------+--------+-----+--------+
         Total |   1094 |   1082 |     12 |      0 |    883 |   2 |  547.0 |
       Dungeon |   1094 |   1082 |     12 |      0 |    883 |   2 |  547.0 |
               +--------+--------+--------+--------+--------+-----+--------+

Top non-repeatable levels by time:
     D:1: 968 daAuts
     D:2: 125 daAuts
